Map: Ulrena

Players

Showtime - Winner!

  • Race: Protoss Protoss

Nerchio

  • Race: Zerg Zerg

Event: DreamHack Open Tours WCS Spring Championship

VOD

https://youtu.be/EBJAX5OvKrU?t=55m49s

Description

Time

  • Played on: May 16, 2016, 9:21 a.m.
  • Length: 7:43

All games in this series

Show
View Real Time Build Order
Export as new Build Order

Showtime Protoss - Winner!

Build Orders: 1 Gate Expand, Zealot Archon, Dark Templar Rush 

Get SALT Encoding   

  12  0:00  Probe (Chrono Boost)  
  13  0:11  Probe (Chrono Boost)  
  14  0:18  Pylon  
  14  0:22  Probe (Chrono Boost)  
  15  0:36  Probe (Chrono Boost)  
  15  0:38  Gateway  
  16  0:44  Assimilator  
  16  0:46  Probe (Chrono Boost)  
  17  0:57  Probe (Chrono Boost)  
  18  1:08  Probe (Chrono Boost)  
  19  1:18  Probe (Chrono Boost)  
  20  1:26  Nexus  
  20  1:34  Cybernetics Core  
  20  1:37  Probe (Chrono Boost)  
  21  1:44  Assimilator  
  21  1:47  Probe (Chrono Boost)  
  21  1:52  Pylon  
  22  1:58  Probe (Chrono Boost)  
  23  2:04  Warp Gate (Chrono Boost)  
  23  2:10  Probe (Chrono Boost)  
  23  2:11  Adept (Chrono Boost)  
  26  2:16  Pylon  
  26  2:22  Mothership Core  
  28  2:33  Adept (Chrono Boost)  
  30  2:38  Probe  
  30  2:43  Probe  
  32  2:45  Twilight Council  
  32  2:50  Probe  
  33  2:55  Probe (Chrono Boost)  
  34  3:03  Probe (Chrono Boost)  
  35  3:07  Probe (Chrono Boost)  
  35  3:09  Gateway  
  36  3:13  Gateway  
  36  3:17  Probe (Chrono Boost)  
  37  3:22  Probe (Chrono Boost)  
  37  3:25  Dark Shrine  
  38  3:29  Probe (Chrono Boost)  
  38  3:33  Probe (Chrono Boost)  
  40  3:36  Adept  
  43  3:41  Probe (Chrono Boost)  
  43  3:43  Probe (Chrono Boost)  
  43  3:47  Pylon  
  44  3:53  Probe (Chrono Boost)  
  44  3:54  Probe (Chrono Boost)  
  46  4:00  Robotics Facility  
  46  4:04  Probe (Chrono Boost)  
  46  4:05  Pylon  
  46  4:06  Probe (Chrono Boost)  
  48  4:12  Adept x2  
  48  4:15  Probe (Chrono Boost)  
  48  4:17  Adept  
  55  4:19  Probe (Chrono Boost)  
  56  4:25  Probe (Chrono Boost)  
  56  4:27  Assimilator  
  56  4:28  Assimilator  
  58  4:32  Probe (Chrono Boost)  
  58  4:36  Probe (Chrono Boost)  
  59  4:43  Probe (Chrono Boost), Dark Templar x2  
  64  4:47  Pylon  
  64  4:49  Warp Prism (Chrono Boost)  
  66  4:57  Probe, Dark Templar  
  66  4:59  Probe  
  70  5:02  Pylon  
  70  5:07  Probe  
  70  5:11  Probe  
  72  5:19  Probe, Dark Templar x2  
  77  5:23  Probe  
  77  5:26  Pylon  
  78  5:29  Probe  
  78  5:35  Probe  
  80  5:40  Probe  
  80  5:41  Dark Templar  
  79  5:47  Probe  
  79  5:49  Immortal (Chrono Boost)  
  84  5:50  Probe, Pylon  
  85  5:59  Probe  
  86  6:13  Nexus  
  86  6:15  Pylon  
  86  6:21  Sentry x3  
  86  6:23  Probe  
  86  6:25  Probe, Gateway x2  
  94  6:26  Gateway  
  94  6:27  Gateway  
  94  6:34  Immortal (Chrono Boost), Probe  
  94  6:37  Probe  
  100  6:45  Pylon  
  100  6:49  Stalker x3  
  106  6:56  Gateway  
  106  7:00  Pylon  
  106  7:04  Forge  
  106  7:05  Archon x2  
  106  7:13  Observer  
  107  7:16  Archon  
  107  7:17  Stalker x3  
  107  7:21  Pylon  
  113  7:24  Stalker x2  
  117  7:30  Stalker x2  
Show
View Real Time Build Order
Export as new Build Order

Nerchio Zerg 

Build Orders: Hatch First 

Get SALT Encoding   

  12  0:00  Drone  
  13  0:12  Overlord  
  13  0:17  Drone  
  14  0:30  Drone x2  
  14  0:34  Drone  
  17  0:54  Hatchery  
  17  0:56  Drone  
  17  0:59  Drone  
  17  1:03  Extractor  
  17  1:15  Spawning Pool  
  16  1:19  Drone  
  16  1:22  Drone  
  18  1:28  Drone  
  19  1:38  Overlord  
  19  1:51  Drone  
  20  2:02  Zergling x2  
  20  2:03  Queen  
  20  2:06  Queen  
  25  2:09  Metabolic Boost  
  25  2:14  Drone  
  26  2:17  Drone  
  26  2:20  Drone  
  26  2:22  Drone  
  29  2:27  Drone  
  30  2:42  Hatchery  
  29  2:45  Zergling x2  
  29  2:46  Zergling x2  
  29  2:50  Drone  
  32  2:53  Overlord  
  32  2:56  Drone  
  33  3:02  Drone  
  34  3:06  Drone  
  34  3:11  Overlord  
  34  3:12  Drone x3  
  38  3:15  Drone  
  38  3:16  Drone  
  38  3:19  Drone  
  41  3:25  Zergling x4  
  42  3:27  Overlord  
  42  3:33  Roach Warren  
  41  3:38  Queen  
  43  3:46  Drone  
  43  3:47  Drone  
  45  3:51  Zergling x4  
  45  4:04  Queen  
  45  4:05  Spine Crawler  
  45  4:06  Extractor  
  45  4:09  Drone x2  
  47  4:10  Drone  
  47  4:14  Roach x4  
  47  4:15  Roach  
  58  4:18  Overlord  
  58  4:23  Roach  
  60  4:25  Roach  
  60  4:29  Overlord  
  62  4:36  Queen  
  62  4:41  Drone  
  62  4:42  Drone x3  
  62  4:43  Drone  
  66  4:47  Drone x2  
  66  4:48  Drone  
  66  4:52  Drone x2  
  71  4:54  Drone  
  71  4:56  Drone  
  73  5:00  Drone  
  73  5:01  Spore Crawler, Drone  
  74  5:08  Lair  
  74  5:13  Spore Crawler  
  70  5:15  Spore Crawler  
  70  5:16  Spore Crawler  
  70  5:20  Spore Crawler  
  66  5:25  Spore Crawler  
  64  5:31  Zergling x4  
  64  5:32  Zergling x2  
  65  5:38  Zergling x2  
  65  5:39  Zergling x2  
  65  5:43  Zergling x2  
  65  5:44  Zergling x2  
  66  6:07  Overseer  
  66  6:09  Queen  
  68  6:13  Drone x2  
  68  6:17  Drone x2  
  68  6:18  Drone  
  73  6:21  Drone x2  
  73  6:22  Hatchery  
  73  6:23  Drone  
  75  6:27  Drone  
  75  6:30  Overlord  
  76  6:34  Overlord  
  76  6:37  Overseer  
  76  6:43  Evolution Chamber  
  76  6:45  Pneumatized Carapace, Extractor  
  76  6:47  Drone x2  
  76  6:51  Evolution Chamber  
  76  6:52  Drone  
  76  6:53  Drone  
  77  6:58  Drone  
  77  7:00  Drone x3  
  81  7:02  Drone  
  81  7:03  Drone  
  83  7:08  Overseer  
  83  7:15  Hydralisk Den  
  83  7:32  Roach Warren  

Tags
 
Add a new tag
Caveats
  • Supply blocks, unpowered buildings, or Contaminate may cause inaccurate times.
  • Supply counts are checked every 10 seconds.